 Dungeon Crawl Stone Soup version 0.29-a0-384-g6960b1960d (webtiles) character file.

Game seed: 11062006897368166935

86 spaghetti the Insei (level 4, 0/41 HPs)
             Began as a Gnoll Monk on May 6, 2022.
             Slain by Grinder (6 damage)
             ... on level 4 of the Dungeon.
             The game lasted 00:05:56 (2253 turns).

spaghetti the Insei (Gnoll Monk)                    Turns: 2253, Time: 00:05:56

Health: 0/41       AC:  4    Str: 11    XL:     4   Next: 49%
Magic:  5/5        EV: 15    Int: 11    God:
Gold:   102        SH:  0    Dex: 14    Spells: 5/5 levels left

rFire   . . .      SeeInvis .     - Unarmed
rCold   . . .      Faith    .   (no shield)
rNeg    . . .      Spirit   .   a - +0 robe
rPois   .          Reflect  .   (no helmet)
rElec   +          Harm     .   w - +0 cloak
rCorr   .          Rampage  .   v - +0 pair of gloves
Will    +....                   (no boots)
Stlth   +++.......              (no amulet)
HPRegen 0.13/turn               p - ring "Ippaoloi" {rElec Will+}
MPRegen 0.09/turn               (no ring)

@: no status effects
A: fangs 1, strong nose, distributed training
a: no special abilities


You were on level 4 of the Dungeon.
You visited 1 branch of the dungeon, and saw 4 of its levels.

You collected 102 gold pieces.


Innate Abilities, Weirdness & Mutations

You have very sharp teeth.
Your uncanny sense of smell can sniff out nearby items.
Your experience applies equally to all skills.


   Skills:
 + Level 6.6 Fighting
 + Level 1.1 Short Blades
 + Level 1.1 Long Blades
 + Level 1.1 Axes
 + Level 1.1 Maces & Flails
 + Level 1.1 Polearms
 + Level 1.1 Staves
 + Level 1.1 Slings
 + Level 1.1 Bows
 + Level 1.1 Crossbows
 + Level 1.1 Throwing
 + Level 1.1 Armour
 + Level 6.6 Dodging
 + Level 4.2 Stealth
 + Level 1.1 Shields
 + Level 6.6 Unarmed Combat
 + Level 1.1 Spellcasting
 + Level 0.9 Conjurations
 + Level 0.9 Hexes
 + Level 0.9 Summonings
 + Level 0.9 Necromancy
 + Level 0.9 Translocations
 + Level 0.9 Transmutations
 + Level 0.9 Fire Magic
 + Level 0.9 Ice Magic
 + Level 0.9 Air Magic
 + Level 0.9 Earth Magic
 + Level 0.9 Poison Magic
 + Level 1.2 Invocations
 + Level 1.1 Evocations


You had 5 spell levels left.
You didn't know any spells.
Your spell library contained the following spells:

 Spells                   Type           Power      Damage    Failure   Level
 Apportation              Tloc           4%         N/A       22%         1
 Alistair's Intoxication  Tmut/Pois      1%         N/A       99%         5

Inventory:

Missiles
 g - 5 poisoned darts {throwing}
 k - 140 stones (quivered) {throwing}
 o - 6 javelins {throwing}
Armour
 a - a +0 robe (worn)
 v - a +0 pair of gloves (worn)
   (You found it on level 4 of the Dungeon)
 w - a +0 cloak (worn)
   (You found it on level 4 of the Dungeon)
Jewellery
 p - the ring "Ippaoloi" (left hand) {rElec Will+}
   (You found it on level 2 of the Dungeon)

   [ring of willpower]

   rElec:     It insulates you from electricity.
   Will:      It increases your willpower.
Scrolls
 c - a scroll of noise {!r}
 i - 2 scrolls of teleportation {@r4}
 j - a scroll of vulnerability {!r!r}
 q - a scroll of brand weapon
 s - a scroll of amnesia
 u - 3 scrolls of identify {@r1}
Potions
 b - a potion of ambrosia
 d - 2 potions of flight {unknown}
 e - 2 potions of berserk rage {unknown}
 f - a potion of invisibility {unknown}
 h - a potion of mutation {unknown}
 l - 3 potions of attraction {unknown}
 m - a potion of might {unknown}
 n - 2 potions of degeneration {unknown}
 r - 2 potions of heal wounds {unknown}
 t - a potion of curing {unknown}

Dungeon Overview and Level Annotations

Branches:
Dungeon (4/15)
 Temple: D:4-7

Altars:
Uskayaw
Vehumet
Wu Jian

Annotations:
D:4 Grinder

# ######## ######
#......##########.....
+...5@.........[......
#......##########.....
#......# #.....
#......# #.#...
#......# #.#8.8
######## #.#... ###8.♣
#... #8.8


You could see Grinder.


Message History

Done exploring.
As you read the scroll of identify {@r1}, it crumbles to dust.
s - a scroll of amnesia Done exploring.
Done exploring.
Done exploring.
Done exploring.
(D) Dungeon
Where to? (Enter - D:3, ? - help)
There is a stone staircase leading down here.
You climb downwards.
There is a stone staircase leading up here.
Unknown command.
Unknown command.
You see here a +0 pair of gloves.
Found an ornate altar of the Wu Jian Council.
k - 97 stones {throwing} (gained 14)
k - 107 stones {throwing} (gained 10)
k - 121 stones {throwing} (gained 14)
You open the door.
Key pressed, stopping explore.
You now have 102 gold pieces (gained 9).
Found a stone staircase leading down.
Search for what [? for help]? glov
There is an ornate altar of the Wu Jian Council here.
You see here a +0 pair of gloves.
v - a +0 pair of gloves You start putting on your armour.
You continue putting on your +0 pair of gloves. x4
You finish putting on your +0 pair of gloves.
There is an open door here.
Key pressed, stopping explore.
Found a stone staircase leading down.
u - 3 scrolls of identify {@r1} (gained 1)
Found an escape hatch in the ceiling.
There is an escape hatch in the ceiling here.
You see here a +0 robe.
You see here a +0 cloak.
A hobgoblin comes into view.
The hobgoblin shouts!
The hobgoblin closely misses you.
You hit the hobgoblin. You closely miss the hobgoblin.
The hobgoblin barely misses you.
You hit the hobgoblin.
You kill the hobgoblin!
Search for what [Enter for "glov", or ? for help]? cloak You see here a +0 cloak.
w - a +0 cloak You start putting on your armour.
You continue putting on your +0 cloak. x4
You finish putting on your +0 cloak.
Key pressed, stopping explore.
You see here a +0 robe.
k - 140 stones {throwing} (gained 19) Grinder comes into view.
Unknown command.
Grinder shouts!
Grinder gestures at you.
You easily resist.
You hit Grinder. Your bite misses Grinder. Grinder gestures at you.
You easily resist.
You hit Grinder. Grinder gestures at you.
You easily resist.
You barely miss Grinder. Grinder hits you!
You writhe in agony. 😕 HP[-8]
You take 8 damage, and now have 33/41 hp.
You barely miss Grinder. You bite Grinder. Grinder barely misses you.
You hit Grinder. You punch Grinder. Grinder hits you. 😮 HP[-5]
You take 5 damage, and now have 28/41 hp.
Unknown command.
Unknown command.
You punch Grinder! Grinder barely misses you.
You punch Grinder! You bite Grinder, but do no damage.
You closely miss Grinder. Grinder hits you!
* * * LOW HITPOINT WARNING * * *
You writhe in agony.
* * * LOW HITPOINT WARNING * * *
😨 HP[-12]
You take 12 damage, and now have 16/41 hp.
MASSIVE DAMAGE!! (PAUSE)
You hit Grinder. Grinder misses you.
You hit Grinder but do no damage. Grinder hits you.
* * * LOW HITPOINT WARNING * * *
You writhe in agony.
* * * LOW HITPOINT WARNING * * *
😨 HP[-4]
You take 4 damage, and now have 12/41 hp.
Sorry, you're not good enough to have a special ability.
Sorry, you're not good enough to have a special ability.
You barely miss Grinder. Your punch misses Grinder. You bite Grinder.
Grinder gestures at you.
You easily resist. 😨 HP[+1]
Okay, then.
You barely miss Grinder. Grinder hits you!
* * * LOW HITPOINT WARNING * * *
You writhe in agony.
You die...

Skill      XL: |  1  2  3 |
---------------+----------+-----
Invocations    | 1 |  1.2
Short Blades   | 1 |  1.1
Long Blades    | 1 |  1.1
Axes           | 1 |  1.1
Maces & Flails | 1 |  1.1
Polearms       | 1 |  1.1
Staves         | 1 |  1.1
Slings         | 1 |  1.1
Bows           | 1 |  1.1
Crossbows      | 1 |  1.1
Throwing       | 1 |  1.1
Armour         | 1 |  1.1
Shields        | 1 |  1.1
Spellcasting   | 1 |  1.1
Evocations     | 1 |  1.1
Fighting       | |  6.6
Dodging        | |  6.6
Stealth        | |  4.2
Unarmed Combat | |  6.6
Conjurations   | |  0.9
Hexes          | |  0.9
Summonings     | |  0.9
Necromancy     | |  0.9
Translocations | |  0.9
Transmutations | |  0.9
Fire Magic     | |  0.9
Ice Magic      | |  0.9
Air Magic      | |  0.9
Earth Magic    | |  0.9
Poison Magic   | |  0.9

Action                   |  1- 3 |  4- 6 || total
-------------------------+-------+-------++-------
Melee: Unarmed           |   107 |    36 ||   143
       Bite              |    12 |     4 ||    16
       Punch             |     2 |     1 ||     3
Throw: Stone             |    16 |     6 ||    22
  Use: Scroll            |     4 |     1 ||     5
 Stab: Sleeping          |     8 |     4 ||    12
Armor: Robe              |     4 |     2 ||     6
Dodge: Dodged            |    93 |    18 ||   111

Levels and vault maps discovered:
D:1:      tarquinn_simple_flora_water_d, layout_rooms, minmay_tetromino_o4
D:2:      layout_rooms
D:3:      layout_basic, fiery_altar_vehumet, nicolae_uskayaw_en_pointe,
          hellmonk_ecumenical_altar_leap_of_faith
D:4:      layout_basic, nzn_wu_jian_contemplation, nemelex_altar_shiori,
          chequers_avenue, minmay_checkerbox, uniq_grinder

Notes
Turn   | Place    | Note
-------+----------+-------------------------------------------
     0 | D:1      | spaghetti the Gnoll Monk began the quest for the Orb.
     0 | D:1      | Reached XP level 1. HP: 23/23 MP: 1/1
     0 | D:1      | magus.rc [v1.9.6]
    25 | D:1      | Reached XP level 2. HP: 29/29 MP: 2/2
   326 | D:1      | Reached XP level 3. HP: 35/35 MP: 3/3
   681 | D:2      | You fall into a shaft and drop 1 floor!
   754 | D:2      | Reached skill level 1 in Invocations
   841 | D:2      | Identified the ring "Ippaoloi" {rElec Will+}
   877 | D:2      | You pick up a book of Party Tricks and begin reading...
   877 | D:2      | You add the spells Apportation and Alistair's Intoxication
                  | to your library.
  1380 | D:3      | Reached skill level 1 in Short Blades
  1380 | D:3      | Reached skill level 1 in Long Blades
  1380 | D:3      | Reached skill level 1 in Axes
  1380 | D:3      | Reached skill level 1 in Maces & Flails
  1380 | D:3      | Reached skill level 1 in Polearms
  1380 | D:3      | Reached skill level 1 in Staves
  1380 | D:3      | Reached skill level 1 in Slings
  1380 | D:3      | Reached skill level 1 in Bows
  1380 | D:3      | Reached skill level 1 in Crossbows
  1380 | D:3      | Reached skill level 1 in Throwing
  1380 | D:3      | Reached skill level 1 in Armour
  1380 | D:3      | Reached skill level 1 in Shields
  1380 | D:3      | Reached skill level 1 in Spellcasting
  1380 | D:3      | Reached skill level 1 in Evocations
  1434 | D:3      | Found a faded altar of an unknown god.
  1464 | D:3      | Reached XP level 4. HP: 41/41 MP: 5/5
  1478 | D:3      | Found a radiant altar of Vehumet.
  1612 | D:3      | Noticed a +0 falchion
  1612 | D:3      | Noticed a +0 short sword
  1612 | D:3      | Noticed a +0 spear
  1612 | D:3      | Noticed a +0 spear
  1614 | D:3      | Noticed a +0 dagger
  1614 | D:3      | Noticed a +0 short sword
  1614 | D:3      | Noticed a +0 falchion
  1614 | D:3      | Noticed a +0 dagger
  1626 | D:3      | Found a hide-covered altar of Uskayaw.
  1976 | D:4      | Found an ornate altar of the Wu Jian Council.
  2237 | D:4      | Noticed Grinder
  2253 | D:4      | HP: 6/41 [Grinder (7)]
  2253 | D:4      | Slain by Grinder

Vanquished Creatures
  2 adders (D:3)
  4 worms
  2 dart slugs (D:1)
  2 endoplasms (D:1)
  2 giant cockroaches (D:1)
  4 goblins
  4 hobgoblins
  4 jackals (D:2)
  5 kobolds
  3 quokkas (D:1)
  4 ball pythons
  7 bats
  3 frilled lizards (D:1)
  8 rats
54 creatures vanquished.

Table legend:
 A = Non-vault XP
 B = Vault XP
 C = Vault XP percentage of total XP
 D = Non-vault monster count
 E = Vault monster count
 F = Vault count percentage of total count
                 A         B        C        D         E       F
            +---------+---------+-------+---------+---------+-------
      Total |     116 |       7 |   5.7 |      51 |       3 |   5.6
            +---------+---------+-------+---------+---------+-------
        D:1 |      38 |       7 |  15.6 |      24 |       3 |  11.1
        D:2 |      23 |       0 |   0.0 |      10 |       0 |   0.0
        D:3 |      53 |       0 |   0.0 |      16 |       0 |   0.0
        D:4 |       2 |       0 |   0.0 |       1 |       0 |   0.0
            +---------+---------+-------+---------+---------+-------

Illustrated notes

Table legend:
 A = Kills in this place as a percentage of kills in entire the game.
 B = Kills by you in this place as a percentage of kills by you in the entire game.
 C = Kills by friends in this place as a percentage of kills by friends in the entire game.
 D = Other kills in this place as a percentage of other kills in the entire game.
 E = Experience gained in this place as a percentage of experience gained in the entire game.
 F = Experience gained in this place divided by the number of levels of this place that you have seen.
                   A       B       C       D       E      F
               +-------+-------+-------+-------+-------+----------------------
         Total | 100.0 | 100.0 |   N/A |   N/A | 100.0 |  30.8
       Dungeon | 100.0 | 100.0 |   N/A |   N/A | 100.0 |  30.8
               +-------+-------+-------+-------+-------+----------------------

Table legend: (Time is in decaauts)
 A = Elapsed time spent in this place.
 B = Non-inter-level travel time spent in this place.
 C = Inter-level travel time spent in this place.
 D = Time resting spent in this place.
 E = Time spent auto-exploring this place.
 F = Levels seen in this place.
 G = Mean time per level.
                   A        B        C        D        E       F      G
               +--------+--------+--------+--------+--------+-----+--------+
         Total |   2236 |   2070 |    166 |      0 |   1672 |   4 |  559.0 |
       Dungeon |   2236 |   2070 |    166 |      0 |   1672 |   4 |  559.0 |
               +--------+--------+--------+--------+--------+-----+--------+

Top non-repeatable levels by time:
     D:3: 703 daAuts
     D:1: 632 daAuts
     D:2: 611 daAuts
     D:4: 289 daAuts
